 Dungeon Crawl Stone Soup version 0.22-a0-782-g038298e (webtiles) character file.

57 Hebeh the Conjurer (level 3, -1/19 HPs)
             Began as a Deep Elf Conjurer on July 20, 2018.
             Slain by a gnoll
             ... wielding a +0 halberd
              (13 damage)
             ... on level 2 of the Dungeon.
             The game lasted 00:05:54 (1414 turns).

Hebeh the Conjurer (Deep Elf Conjurer)              Turns: 1414, Time: 00:05:55

Health: -1/19      AC:  2    Str:  5    XL:     3   Next: 73%
Magic:  9/10       EV: 13    Int: 20    God:
Gold:   66         SH:  0    Dex: 15    Spells: 6/9 levels left

rFire    . . .     SeeInvis .   a - staff of conjuration
rCold    . . .     Gourm    .   (no shield)
rNeg     . . .     Faith    .   m - +0 robe
rPois    .         Spirit   .   (no helmet)
rElec    .         Reflect  .   (no cloak)
rCorr    .         Harm     .   (no gloves)
MR       .....                  (no boots)
Stlth    ++........             (no amulet)
HPRegen  0.06/turn              (no ring)
MPRegen  0.12/turn              (no ring)

@: no status effects
A: no striking features
a: no special abilities


You were on level 2 of the Dungeon.
You were very hungry.

You visited 1 branch of the dungeon, and saw 2 of its levels.

You collected 66 gold pieces.

Inventory:

Hand Weapons
 b - a +0 short sword
Missiles
 k - 27 arrows
Armour
 m - a +0 robe (worn)
Magical Staves
 a - an uncursed staff of conjuration (weapon)
Wands
 d - a wand of scattershot (6)
Scrolls
 e - 2 scrolls of teleportation {unknown}
 f - a scroll of random uselessness {unknown}
 g - a scroll of identify {unknown}
 h - a scroll of enchant weapon {unknown}
 j - 2 scrolls of remove curse {unknown}
 n - a scroll of fear {unknown}
Potions
 i - 3 potions of curing {unknown}
 l - a potion of heal wounds {unknown}
Comestibles
 c - 3 rations


   Skills:
 + Level 3.2 Dodging
 + Level 3.4 Stealth
 + Level 3.8 Spellcasting
 + Level 4.8 Conjurations


You had 6 spell levels left.
You knew the following spells:

 Your Spells              Type           Power        Failure   Level  Hunger
a - Magic Dart            Conj           ####         1%          1    None
c - Searing Ray           Conj           ####..       2%          2    ##.....

Your spell library contained the following spells:

 Spells                   Type           Power        Failure   Level  Hunger
 Iskenderun's Mystic Bla  Conj           ####....     19%         4    ####...
 Fulminant Prism          Conj/Hex       ###.......   43%         4    ####...
 Dazzling Spray           Conj/Hex       ###...       14%         3    ###....
 Force Lance              Conj/Tloc      ###.....     43%         4    ####...


Dungeon Overview and Level Annotations

Branches:
Dungeon (2/15)

Altars:
Xom


Message History

A leopard gecko and 4 gnolls come into view.
The gnoll shouts! x4
The gnoll barely misses you.
Found a ration.
The leopard gecko hisses angrily.
The gnoll barely misses you.
There is a stone staircase leading up here.
Casting: Magic Dart (safe; 1% risk of failure)
Confirm with . or Enter, or press ? or * to list all spells.
Aiming: Magic Dart (safe; 1% risk of failure)
Press: ? - help, Shift-Dir - straight line, f - gnoll
Aim: a gnoll, wielding a halberd and wearing a robe You feel a surge of power!
The magic dart hits the gnoll.
The gnoll hits you from afar with a halberd.
The gnoll hits you with a club.
A kobold comes into view.
It is wielding a short sword of protection.
The gnoll completely misses you.
The gnoll hits you from afar with a halberd!
Ouch! That really hurt!
You die...

#........# ##.##.##.
........#.# ##......#[
###).....#.####...###.#.
....................#.#.
.........#...#..###.#..#
...........#.#.## .##..
.%.....#.....).. .#.##..
.......#....##### ......
.......@..## ......
.....gg...# #.....#
....lgg##.## ####..#
......# #>.# #..# ......
##.# ##..# ....#. #.#
#.... ##..# #.# #.### #K
#.####### #.# #.<.....#
#.#


You could see 4 gnolls, a leopard gecko and a kobold (wandering).

Vanquished Creatures
  An adder (D:2)
  2 dart slugs
  3 leopard geckos (D:1)
  A ball python (D:2)
  A bat (D:2)
  2 giant cockroaches
  3 hobgoblins
  6 jackals (D:1)
  A quokka (D:2)
  3 frilled lizards
  4 goblins
  6 kobolds (D:1)
  5 rats
38 creatures vanquished.

Notes
Turn   | Place    | Note
-------+----------+-------------------------------------------
     0 | D:1      | Hebeh the Deep Elf Conjurer began the quest for the Orb.
     0 | D:1      | Reached XP level 1. HP: 10/10 MP: 6/6
   173 | D:1      | Reached XP level 2. HP: 15/15 MP: 6/8
   330 | D:1      | Found a shimmering altar of Xom.
   545 | D:1      | Learned a level 2 spell: Searing Ray
   562 | D:1      | Reached XP level 3. HP: 19/19 MP: 6/10
  1414 | D:2      | Slain by a gnoll

Vault maps used:
D:1:      minmay_arrival_jagged, xom_teletrap_fun
D:2:      first_ration

Skill      XL: |  1  2 |
---------------+-------+-----
Stealth        | 3 |  3.4
Dodging        | 3 |  3.2
Spellcasting   | |  3.8
Conjurations   | |  4.8

Action                   || total
-------------------------++-------
 Cast: Magic Dart        ||    75
       Searing Ray       ||     1
Armor: Robe              ||     1
Dodge: Dodged            ||     9

Table legend:
 A = Spawn XP
 B = Non-spawn XP
 C = Spawn XP percentage of total XP
 D = Spawn monster count
 E = Non-spawn monster count
 F = Spawn count percentage of total count
 G = Total turns spent on level
                    A         B        C        D         E        F      G
               +---------+---------+-------+---------+---------+-------+---------
         Total |       0 |      82 |   0.0 |       0 |      38 |   0.0 |  1414
               +---------+---------+-------+---------+---------+-------+---------
           D:1 |       0 |      47 |   0.0 |       0 |      26 |   0.0 |   833
           D:2 |       0 |      35 |   0.0 |       0 |      12 |   0.0 |   581
               +---------+---------+-------+---------+---------+-------+---------
